 Dungeon Crawl Stone Soup version 0.32-a0-825-g0e82a1035d (webtiles) character file.

Game seed: 17122587762880918040

2976 Ijustatesigmund the Conjurer (level 9, -10/61 HPs)
             Began as an Octopode Conjurer on Mar 25, 2024.
             Mangled by a steam dragon (11 damage)
             ... on level 7 of the Dungeon.
             The game lasted 00:17:02 (10536 turns).

Ijustatesigmund the Conjurer (Octopode Conjurer)   Turns: 10536, Time: 00:17:03

Health: -10/61     AC:  1    Str:  6    XL:     9   Next: 82%
Magic:  2/26       EV: 11    Int: 24    God:
Gold:   2163       SH: 10    Dex: 11    Spells: 11/18 levels left

rFire   . . .        d - +0 war axe
rCold   . . .        m - +1 buckler
rNeg    . . .        (helmet restricted)
rPois   .            l - amulet of reflection
rElec   .            f - ring of magical power
rCorr   .            (no ring)
SInv    .            (no ring)
Will    .....        (no ring)
Stlth   +++          (no ring)
HPRegen 0.30/turn    (no ring)
MPRegen 0.20/turn    (no ring)
                     (no ring)

%: reflection
@: no status effects
A: almost no armour, amphibious, 8 rings, camouflage 1, gelatinous body 1,
(nimble swimmer 1), tentacles
a: no special abilities


You were on level 7 of the Dungeon.
You visited 2 branches of the dungeon, and saw 8 of its levels.

You collected 2163 gold pieces.

Inventory:

Hand Weapons
 d - a +0 war axe (weapon)
Missiles
 p - 2 throwing nets
Armour
 m - a +1 buckler (worn)
Jewellery
 c - a ring of ice
 f - a ring of magical power (left tentacle)
 l - an amulet of reflection (around mantle)
 r - a ring of fire
Scrolls
 b - 3 scrolls of identify
 g - 3 scrolls of teleportation
 k - 2 scrolls of poison
 n - 2 scrolls of revelation
 q - a scroll of silence
 s - a scroll of amnesia
Potions
 e - a potion of might
 h - 3 potions of attraction
 j - a potion of brilliance
 o - 2 potions of enlightenment


   Skills:
 + Level 5.3 Fighting
 - Level 5.1 Axes
 - Level 2.0 Dodging
 - Level 2.6 Stealth
 - Level 5.0 Shields
 + Level 5.4 Spellcasting
 + Level 7.0 Conjurations
 + Level 5.0 Translocations


You had 11 spell levels left.
You knew the following spells:

 Your Spells              Type           Power      Damage    Failure   Level
a - Magic Dart            Conj           100%       1d8       1%          1
b - Searing Ray           Conj           80%        2d7       1%          2
c - Iskenderun's Mystic   Conj/Tloc      35%        2d8       12%         4

Your spell library contained the following spells:

 Spells                   Type           Power      Damage    Failure   Level
 Fulminant Prism          Conj/Alch      11%        3d9       32%         4


Dungeon Overview and Level Annotations

Branches:
Dungeon (7/15)             Temple (1/1) D:5

Altars:
Ashenzari
Dithmenos
Elyvilon
Fedhas
Gozag
Kikubaaqudgha
Makhleb
Nemelex Xobeh
Okawaru
Qazlal
Ru
Sif Muna
Trog
Uskayaw
Vehumet
Wu Jian
Xom
Yredelemnul

Shops:
D:5 (   D:7 (

Annotations:
D:5 2 runed translucent doors, Sapher's ghost, novice GnAl


Innate Abilities, Weirdness & Mutations

You cannot wear most types of armour.
You are amphibious.
You can wear up to eight rings at the same time.
Your skin changes colour to match your surroundings (Stealth+).
Your rubbery body absorbs attacks. (AC +1, EV +1)
((You are camouflaged when in or above water. (Stealth+)))
You have tentacles for arms and can constrict up to eight enemies at once.


Message History

a +0 giant club; an ogre corpse You barely miss the steam dragon.
The wyvern hisses angrily.
The steam dragon bites you. The steam dragon barely misses you.
The steam dragon bites you!
* * * LOW HITPOINT WARNING * * *
The steam dragon claws you.
* * * LOW HITPOINT WARNING * * *
Casting: Searing Ray (safe; 1% risk of failure)
Confirm with . or Enter, or press ? or * to list all spells.
You erupt in a blast of force!
The mystic blast hits the steam dragon!
The steam dragon is moderately wounded.
The steam dragon is knocked back by the mystic blast.
You hear a shout!
Casting: Iskenderun's Mystic Blast (dangerous; 12% risk of failure)
Confirm with . or Enter, or press ? or * to list all spells.
You don't have enough magic to cast this spell.
Okay, then.
You feel better.
You closely miss the wyvern.
The wyvern is almost dead.
You hit the steam dragon but do no damage.
The wyvern bites you.
* * * LOW HITPOINT WARNING * * *
You block the steam dragon's attack. The steam dragon barely misses you.
You block the wyvern's attack. The steam dragon barely misses you.
The steam dragon closely misses you.
You barely miss the wyvern.
The wyvern is almost dead.
You hit the steam dragon. The wyvern bites you!
* * * LOW HITPOINT WARNING * * *
You block the wyvern's attack. You block the steam dragon's attack.
The steam dragon barely misses you. The wyvern misses you.
Your magical contamination has completely faded away.
You hit the wyvern. Your squeeze misses the wyvern.
The wyvern is almost dead.
You barely miss the steam dragon. The wyvern bites you.
* * * LOW HITPOINT WARNING * * *
The steam dragon bites you!
You die...

.........ß...
#....)....... #...
#....))....ß. #...
....>.)....... ...♣
.##..#)...#.#.###...♣♣
##..##....# .......♣♣
##.#......# .......♣
#.#.....## ###D.....♣
##.......####.#@....♣
##.......<.##...k#..♣♣
....#####..##.)#....♣
.##..## ##..........♣
.###..# ##........##♣
.##..####...##...###
........##..##.....##♣♣
...........###.##.....♣
#.##.......###)####...♣


You could see a steam dragon and a wyvern.

Vanquished Creatures
  Pikel (D:5)
  A troll (D:7)
  Edmund (D:4)
  A sky beast (D:6)
  2 ice beasts
  A black bear (D:4)
  3 centaurs
  4 ogres
  A lemure (D:5)
  2 phantoms (D:7)
  A kobold brigand (D:7)
  A gnoll sergeant (D:7)
  A scorpion (D:5)
  A wight (D:7)
  2 killer bees (D:7)
  4 jellies
  3 orc priests (D:7)
  4 hounds
  A sleepcap (D:6)
  3 iguanas
  4 orc wizards
  5 gnolls
  4 adders
  2 shadow imps
  4 ufetubi (D:6)
  3 ribbon worms
  2 dart slugs
  29 orcs
  9 ball pythons
  A bat (D:1)
  3 endoplasms
  4 giant cockroaches
  7 goblins
  12 hobgoblins
  14 kobolds
  A quokka (D:4)
  3 training dummies (D:5)
  5 frilled lizards
  6 rats
156 creatures vanquished.

Notes
Turn   | Place    | Note
-------+----------+-------------------------------------------
     0 | D:1      | Ijustatesigmund the Octopode Conjurer began the quest for
                  | the Orb.
     0 | D:1      | Reached XP level 1. HP: 11/11 MP: 3/3
   206 | D:1      | Reached XP level 2. HP: 18/18 MP: 3/5
   210 | D:1      | Learned a level 2 spell: Searing Ray
   621 | D:1      | Reached skill level 1 in Fighting
   772 | D:1      | Reached XP level 3. HP: 23/23 MP: 0/6
  1499 | D:2      | Found a shimmering blue altar of Sif Muna.
  1599 | D:2      | Reached skill level 1 in Axes
  2247 | D:2      | Reached XP level 4. HP: 28/28 MP: 1/8
  2252 | D:2      | Learned a level 4 spell: Iskenderun's Mystic Blast
  2525 | D:3      | Found a burning altar of Makhleb.
  2526 | D:3      | Found an opulent altar of Gozag.
  3060 | D:3      | Found a shadowy altar of Dithmenos.
  3060 | D:3      | Found a basalt altar of Yredelemnul.
  3254 | D:4      | Noticed a black bear
  3265 | D:4      | Killed a black bear
  3266 | D:4      | Reached skill level 1 in Translocations
  3266 | D:4      | Reached XP level 5. HP: 12/35 MP: 0/9
  3500 | D:4      | Noticed an ogre
  3514 | D:4      | Killed an ogre
  3515 | D:4      | Reached XP level 6. HP: 41/41 MP: 2/11
  3817 | D:4      | Noticed Edmund
  3835 | D:4      | Killed Edmund
  4566 | D:5      | Entered Level 5 of the Dungeon
  4573 | D:5      | Found a runed translucent door.
  4578 | D:5      | Noticed Sapher's ghost (novice GnAl)
  4597 | D:5      | Noticed an ice beast
  4606 | D:5      | Killed an ice beast
  4607 | D:5      | Reached XP level 7. HP: 36/46 MP: 1/12
  4954 | D:5      | Found a runed translucent door.
  5658 | D:5      | Found a staircase to the Ecumenical Temple.
  5661 | D:5      | Identified the +1 robe of the Sun {Harm}
  5667 | Temple   | Entered the Ecumenical Temple
  5793 | D:5      | Reached XP level 8. HP: 42/54 MP: 6/14
  5996 | D:5      | Noticed Pikel
  6011 | D:5      | Killed Pikel
  6012 | D:5      | Reached skill level 5 in Spellcasting
  6288 | D:5      | Found Vuuzeast's Firing Range.
  6363 | D:5      | Identified a scroll of acquirement
  6363 | D:5      | Acquired 995 gold pieces
  6723 | D:6      | Found a bloodstained altar of Trog.
  6767 | D:6      | Reached skill level 5 in Fighting
  6991 | D:6      | Acquired 753 gold pieces
  7201 | D:6      | Reached skill level 5 in Axes
  7359 | D:6      | Reached skill level 1 in Shields
  7813 | D:6      | Found an ancient bone altar of Kikubaaqudgha.
  7820 | D:6      | Reached XP level 9. HP: 32/61 MP: 10/17
  8175 | D:7      | Found Capnog's Weapon Boutique.
  8397 | D:7      | Reached skill level 5 in Conjurations
  9347 | D:7      | Found an iron altar of Okawaru.
  9494 | D:7      | Reached skill level 6 in Conjurations
  9494 | D:7      | Noticed a troll
  9915 | D:7      | Killed a troll
 10168 | D:7      | HP: 2/61 [ice beast (7)]
 10472 | D:7      | Reached skill level 5 in Shields
 10530 | D:7      | Reached skill level 7 in Conjurations
 10530 | D:7      | Reached skill level 5 in Translocations
 10535 | D:7      | HP: 3/61 [wyvern (15)]
 10536 | D:7      | HP: 1/61 [wyvern (3)]
 10536 | D:7      | Mangled by a steam dragon

Illustrated notes

Levels and vault maps discovered:
D:1:      pf_arrival_petrified_forest, layout_loops_ring
D:2:      layout_loops_ring, basic_altar, minmay_quadrilaterals
D:3:      layout_rooms, gammafunk_temple_overflow_statue,
          grunt_temple_overflow_open
D:4:      layout_basic, palyth_stone_intersect, uniq_edmund
D:5:      layout_loops_ring, temple_statues, ebering_ghost_sewer_f,
          nicolae_shop_firing_range, uniq_pikel
D:6:      layout_rooms, kiku_gazebo_pond_becter, mainiacjoe_overflow_alcove_1
D:7:      regret_index_malice_mire, layout_cave_pools,
          mainiacjoe_overflow_paths, serial_shops, nicolae_shop_stone,
          grunt_ministairs_2, nicolae_eternal_life, grunt_decor_resistance,
          hangedman_minor_gate_pass
Temple:   jpeg_temple_alley_garden

Skill      XL: |  1  2  3  4  5  6  7  8  9 |
---------------+----------------------------+-----
Fighting       | 1 2 3 4 5 |  5.3
Axes           | 1 2 3 4 5 |  5.1
Spellcasting   | 3 4 5 |  5.4
Translocations | 1 2 3 4 5 |  5.0
Shields        | 1 5 |  5.0
Conjurations   | 7 |  7.0
Dodging        | |  2.0
Stealth        | |  2.6

Action                     |  1- 3 |  4- 6 |  7- 9 || total
---------------------------+-------+-------+-------++-------
  Melee: Hand axe          |     6 |    18 |       ||    24
         Tentacles         |     1 |    13 |    22 ||    36
         Constrict         |     1 |    15 |    16 ||    32
         War axe           |       |    37 |    77 ||   114
   Cast: Magic Dart        |    87 |    13 |    29 ||   129
         Searing Ray       |     1 |     6 |    24 ||    31
         Iskenderun's Myst |       |     1 |    29 ||    30
    Use: Potion            |       |     7 |     4 ||    11
         Scroll            |       |       |    15 ||    15
   Stab: Sleeping          |       |     7 |     4 ||    11
 Armour: Skin              |     6 |    35 |   117 ||   158
  Dodge: Dodged            |     8 |    35 |    81 ||   124
  Block: Other             |     1 |    16 |    14 ||    31
         Reflection        |     1 |       |     7 ||     8
         Buckler           |       |       |    67 ||    67

Table legend: (Time is in decaauts)
 A = Elapsed time spent in this place.
 B = Non-inter-level travel time spent in this place.
 C = Inter-level travel time spent in this place.
 D = Time resting spent in this place.
 E = Time spent auto-exploring this place.
 F = Levels seen in this place.
 G = Mean time per level.
                   A        B        C        D        E       F      G
               +--------+--------+--------+--------+--------+-----+--------+
         Total |  10582 |  10429 |    153 |   4529 |   4836 |   8 | 1322.8 |
       Dungeon |  10515 |  10363 |    152 |   4529 |   4836 |   7 | 1502.1 |
        Temple |     66 |     66 |      0 |      0 |      0 |   1 |   66.0 |
               +--------+--------+--------+--------+--------+-----+--------+

Top non-repeatable levels by time:
     D:6: 2662 daAuts
     D:5: 1970 daAuts
     D:4: 1349 daAuts
     D:7: 1297 daAuts
     D:1: 1255 daAuts
     D:2: 1229 daAuts
     D:3: 750 daAuts
  Temple: 66 daAuts
